 Dungeon Crawl Stone Soup version 0.29.0-13-gc9e81de378 (webtiles) character file.

Game seed: 11007806438926282118

43 SnakkuSnakku7 the Ducker (level 3, 0/30 HPs)
             Began as a Djinni Monk on Sept 8, 2022.
             Slain by an orc
             ... wielding a +0 hand axe
              (4 damage)
             ... on level 2 of the Dungeon.
             The game lasted 00:02:00 (1616 turns).

SnakkuSnakku7 the Ducker (Djinni Monk)              Turns: 1616, Time: 00:02:00

Health: 0/30       AC:  2    Str: 10    XL:     3   Next: 82%
Gold:   69         EV: 13    Int: 13    God:
                   SH:  0    Dex: 15

rFire   + . .      SeeInvis .   a - +0 falchion
rCold   + . .      Faith    .   (no shield)
rNeg    . . .      Spirit   .   b - +0 robe
rPois   ∞          Reflect  .   (no helmet)
rElec   .          Harm     .   (no cloak)
rCorr   .          Rampage  .   (no gloves)
Will    .....                   (boots unavailable)
Stlth   ++........              (no amulet)
HPRegen 0.10/turn               o - ring of ice
MPRegen 0.00/turn               e - ring of protection from cold

@: flying
A: sickness immunity, fire resistance 2, cold vulnerability 1, float, innate
caster, HP casting, extra vitality 1
a: no special abilities


You were on level 2 of the Dungeon.
You visited 1 branch of the dungeon, and saw 3 of its levels.

You collected 69 gold pieces.

Inventory:

Hand Weapons
 a - a +0 falchion (weapon)
Armour
 b - a +0 robe (worn)
Jewellery
 e - a ring of protection from cold (right hand)
 o - a ring of ice (left hand)
Scrolls
 f - a scroll of enchant armour {unknown}
 h - 2 scrolls of teleportation {unknown}
 j - a scroll of poison {unknown}
 k - a scroll of blinking {unknown}
 l - a scroll of fear {unknown}
 p - a scroll of identify {unknown}
Potions
 c - a potion of ambrosia
 d - a potion of heal wounds {unknown}
 g - a potion of lignification {unknown}
 i - a potion of magic {unknown}
 m - a potion of might {unknown}
 n - a potion of invisibility {unknown}
 q - a potion of curing {unknown}


   Skills:
 - Level 3.0 Fighting
 - Level 2.6 Long Blades
 - Level 3.2 Dodging
 - Level 1.5 Stealth
 + Level 2.3 Spellcasting


You had 5 spell levels left.
You knew the following spells:

 Your Spells              Type           Power      Damage    Failure   Level
a - Magic Dart            Conj           28%        1d4       10%         1
Your spell library was empty.

Dungeon Overview and Level Annotations

Branches:
Dungeon (3/15)

Altars:


Innate Abilities, Weirdness & Mutations

You are immune to sickness and miasma.
You are immune to poison.
Your flesh is very heat resistant. (rF++)
You are vulnerable to cold. (rC-)
You float through the air rather than walking.
You learn spells naturally, not from books.
Your magical power is your life essence.
You have superior vitality. (+4 MHP)


Message History

The magic dart hits the orc.
The orc is moderately wounded.
Unknown command.
An orc wizard comes into view. It is wielding a +0 dagger.
The orc wizard shouts!
A frilled lizard comes into view.
The orc wizard mumbles some strange words.
The orc wizard flickers and vanishes!
Deactivating autopickup; reactivate with Ctrl-A.
Things that are here:
a +0 war axe; an orc corpse The frilled lizard hisses angrily.
The orc closely misses you.
The orc wizard hits you with a +0 dagger.
The orc attacks as you move away! The orc hits you with a +0 hand axe.
The orc attacks as you move away! The orc hits you with a +0 hand axe.
The orc attacks as you move away! The orc barely misses you.
A worm comes into view.
The orc attacks as you move away! The orc hits you with a +0 hand axe.
Something hits you.
* * * LOW HITPOINT WARNING * * *
There is a stone staircase leading up here.
The orc barely misses you.
You hear some strange, mumbled words.
A magic dart appears from out of thin air!
The magic dart hits you.
* * * LOW HITPOINT WARNING * * *
You fly upwards.
Reactivating autopickup.
There is a stone staircase leading down here.
Aiming: Magic Dart (safe; 10% risk of failure)
Press: ? - help, Q - select action Shift-Dir - straight line, f - orc
Aim: an orc, wielding a +0 hand axe (moderately wounded, 100% to hit)
Okay, then.
You hit the orc.
The orc is heavily wounded.
Something hits you but does no damage.
Deactivating autopickup; reactivate with Ctrl-A.
The orc hits you with a +0 hand axe.
You die...

.#.............###.#
.#...#.....#.#...#.#
.#...#.......###.#.#
.#...#....##..##.#.####
.#...###.........#....#####
.#...# ####...............#
.#...# #...............#
.#...# #...............#
###### #.....@o........#
#...............#
#...............#
#...............#
#...............#
#...............#
#..........(....#
#...............#
#...............#


You could see an orc.

Vanquished Creatures
  3 dart slugs
  An orc (D:3)
  4 bats
  5 endoplasms
  A giant cockroach (D:2)
  4 goblins
  3 hobgoblins (D:2)
  3 kobolds
  A quokka (D:1)
  2 ball pythons (D:1)
  3 frilled lizards
  4 rats
34 creatures vanquished.

Notes
Turn   | Place    | Note
-------+----------+-------------------------------------------
     0 | D:1      | SnakkuSnakku7 the Djinni Monk began the quest for the Orb.
     0 | D:1      | Reached XP level 1. HP: 20/20 MP: 0/0
   112 | D:1      | Reached skill level 1 in Spellcasting
   112 | D:1      | Reached XP level 2. HP: 24/25 MP: 0/0
   567 | D:1      | Found a faded altar of an unknown god.
   816 | D:2      | Reached XP level 3. HP: 30/30 MP: 0/0
   816 | D:2      | Learned a level 1 spell: Magic Dart
  1616 | D:2      | Slain by an orc

Illustrated notes

Levels and vault maps discovered:
D:1:      lightli_arrival_maybe_door_vault, layout_loops_ring,
          basic_ecumenical_altar
D:2:      minmay_door_path, layout_basic
D:3:      layout_rooms, kennysheep_slug_shrine, minmay_snake_closets, uniq_ijyb

Skill      XL: |  1  2  3 |
---------------+----------+-----
Spellcasting   | 1 2 |  2.3
Fighting       | |  3.0
Long Blades    | |  2.6
Dodging        | |  3.2
Stealth        | |  1.5

Action                   || total
-------------------------++-------
Melee: Falchion          ||    79
       Punch             ||     1
 Cast: Magic Dart        ||    21
 Stab: Sleeping          ||     6
Armor: Robe              ||    20
Dodge: Dodged            ||    60
